 Dungeon Crawl Stone Soup version 0.22.0-76-g6cd1571672 (webtiles) character file.

66 LLavrengius the Skirmisher (level 4, 0/29 HPs)
             Began as a Gargoyle Fighter on Sept 16, 2018.
             Was an Initiate of the Shining One.
             Slain by a gnoll
             ... wielding a +0 halberd
              (5 damage)
             ... on level 2 of the Dungeon.
             The game lasted 00:04:29 (1350 turns).

LLavrengius the Skirmisher (Gargoyle Fighter)       Turns: 1350, Time: 00:04:30

Health: 0/29       AC: 15    Str: 21    XL:     4   Next: 15%
Magic:  4/4        EV:  3    Int: 10    God:    the Shining One [......]
Gold:   56         SH:  9    Dex:  9    Spells: 3/3 levels left

rFire    . . .     SeeInvis .   a - +0 flail
rCold    . . .     Gourm    .   c - +0 shield
rNeg     + . .     Faith    .   q - +0 plate armour
rPois    ∞         Spirit   .   (no helmet)
rElec    +         Reflect  .   (no cloak)
rCorr    .         Harm     .   (no gloves)
MR       .....                  (no boots)
Stlth    ..........             (no amulet)
HPRegen  0.09/turn              k - +2 ring of intelligence
MPRegen  0.09/turn              (no ring)

@: glowing
A: negative energy resistance 1, electricity resistance, unbreathing,
petrification resistance, rot immunity, AC +3
a: Renounce Religion


You were on level 2 of the Dungeon.
You worshipped the Shining One.
The Shining One was noncommittal.
You were not hungry.

You visited 1 branch of the dungeon, and saw 2 of its levels.

You collected 56 gold pieces.

Inventory:

Hand Weapons
 a - a +0 flail (weapon)
Missiles
 i - 2 throwing nets (quivered)
Armour
 b - a +0 scale mail
 c - a +0 shield (worn)
 q - a +0 plate armour (worn)
Jewellery
 k - a +2 ring of intelligence (left hand)
 m - an uncursed amulet of the acrobat {unknown}
Scrolls
 e - 2 scrolls of remove curse {unknown}
 g - 4 scrolls of identify {unknown}
 j - a scroll of magic mapping {unknown}
 n - a scroll of amnesia {unknown}
 p - a scroll of fog {unknown}
Potions
 d - a potion of might
 h - 2 potions of haste {unknown}
 o - 2 potions of degeneration {unknown}
Comestibles
 f - 5 rations
 l - 3 chunks of flesh


   Skills:
 + Level 4.0 Fighting
 * Level 3.7 Maces & Flails
 - Level 3.2 Armour
 - Level 3.2 Shields


You had 3 spell levels left.
You didn't know any spells.
Your spell library was empty.

Dungeon Overview and Level Annotations

Branches:
Dungeon (2/15)

Altars:
Ru
The Shining One


Innate Abilities, Weirdness & Mutations

You are resistant to torment.
Your stone body is resilient. (AC +3)
You are immune to poison.
You resist negative energy. (rN+)
You are resistant to electric shocks. (rElec)
You can survive without breathing.
You are immune to petrification.
You are immune to rotting.


Message History

The gnoll hits you but does no damage.
Your shield and plate armour prevent you from hitting the gnoll.
The gnoll barely misses you. The gnoll hits you but does no damage.
You block the gnoll's attack. The gnoll hits you but does no damage.
You hit the gnoll.
The gnoll is moderately wounded.
The gnoll hits you with a club. The gnoll hits you with a halberd.
The gnoll hits you but does no damage. You block the gnoll's attack.
The gnoll hits you but does no damage.
You closely miss the gnoll.
The gnoll is moderately wounded.
The gnoll hits you but does no damage. x2; The gnoll hits you with a flail.
The gnoll hits you but does no damage. The gnoll barely misses you.
The gnoll hits you with a halberd!
* * * LOW HITPOINT WARNING * * *
You closely miss the gnoll.
The gnoll is moderately wounded.
You block the gnoll's attack. The gnoll hits you but does no damage.
You block the gnoll's attack. The gnoll hits you with a halberd.
You die...

....†.....####
.............##
..............#####
..........#........
...............####### #
.##.......#..........#.#
.###.#########.........#
.##..#########..g....>..
............#..g@g....#
###..............g....#
....#####...#####.....#
##..# ..#.# .....# #..##
# # # ....... #....
......# ...### #....##
.....######.#.. #####
..##..........#


You could see 4 gnolls.

Vanquished Creatures
  2 adders (D:2)
  4 dart slugs (D:1)
  A leopard gecko (D:1)
  A giant cockroach (D:2)
  3 goblins
  8 hobgoblins
  6 bats
  5 frilled lizards (D:1)
  4 kobolds
  5 rats
39 creatures vanquished.

Notes
Turn   | Place    | Note
-------+----------+-------------------------------------------
     0 | D:1      | LLavrengius the Gargoyle Fighter began the quest for the
                  | Orb.
     0 | D:1      | Reached XP level 1. HP: 14/14 MP: 1/1
   149 | D:1      | Reached XP level 2. HP: 19/19 MP: 2/2
   484 | D:1      | Reached XP level 3. HP: 24/24 MP: 3/3
  1074 | D:2      | Found a glowing golden altar of the Shining One.
  1102 | D:2      | Became a worshipper of the Shining One
  1140 | D:2      | Found a sacrificial altar of Ru.
  1150 | D:2      | Reached skill level 4 in Fighting
  1178 | D:2      | Reached XP level 4. HP: 25/29 MP: 4/4
  1350 | D:2      | Slain by a gnoll

Skill      XL: |  1  2  3 |
---------------+----------+-----
Maces & Flails | 3 |  3.7
Fighting       | 4 |  4.0
Armour         | |  3.2
Shields        | |  3.2

Action                   |  1- 3 |  4- 6 || total
-------------------------+-------+-------++-------
Melee: Flail             |   178 |    19 ||   197
  Eat: Chunk             |     1 |     1 ||     2
Armor: Scale mail        |   103 |     1 ||   104
       Plate armour      |       |    34 ||    34
Dodge: Dodged            |    53 |     8 ||    61
Block: Shield            |    80 |    19 ||    99
